Map: Ulrena

Players

llllllllllll (Rail) - Winner!

  • Race: Protoss Protoss
  • League: Grandmaster

Miszu

  • Race: Terran Terran
  • League: Master

VOD

Have the link to the VOD?

Description

Time

  • Played on: May 2, 2016, 9:09 a.m.
  • Length: 9:58
Show
View Real Time Build Order
Export as new Build Order

llllllllllll Protoss - Winner!

Build Orders:  

Get SALT Encoding   

  12  0:02  Probe (Chrono Boost)  
  13  0:12  Probe (Chrono Boost)  
  14  0:18  Pylon  
  14  0:23  Probe (Chrono Boost)  
  15  0:36  Probe (Chrono Boost)  
  15  0:39  Gateway  
  15  0:42  Assimilator  
  16  0:46  Probe (Chrono Boost)  
  17  0:57  Probe (Chrono Boost)  
  17  0:58  Assimilator  
  18  1:08  Probe (Chrono Boost)  
  19  1:14  Pylon  
  20  1:18  Probe (Chrono Boost)  
  20  1:25  Cybernetics Core  
  20  1:26  Zealot  
  20  1:29  Probe (Chrono Boost)  
  23  1:39  Probe (Chrono Boost)  
  25  1:54  Probe (Chrono Boost)  
  25  2:03  Adept  
  25  2:05  Mothership Core (Chrono Boost)  
  29  2:10  Robotics Facility  
  29  2:17  Pylon  
  29  2:19  Warp Gate  
  29  2:23  Probe (Chrono Boost)  
  30  2:34  Probe (Chrono Boost)  
  34  2:44  Probe (Chrono Boost)  
  32  2:52  Nexus  
  32  3:03  Immortal (Chrono Boost)  
  36  3:10  Stalker  
  38  3:18  Pylon  
  38  3:36  Gateway  
  38  3:37  Observer (Chrono Boost)  
  38  3:40  Stalker  
  41  3:45  Gateway  
  41  3:59  Warp Prism (Chrono Boost)  
  43  4:03  Probe  
  43  4:04  Probe  
  45  4:14  Probe  
  45  4:15  Probe  
  47  4:24  Stalker  
  49  4:25  Probe  
  49  4:27  Probe  
  51  4:35  Probe  
  51  4:37  Immortal (Chrono Boost)  
  56  4:40  Probe  
  56  4:44  Sentry  
  59  4:46  Probe  
  60  4:54  Probe (Chrono Boost)  
  60  4:56  Pylon  
  60  4:57  Probe (Chrono Boost)  
  62  5:05  Twilight Council  
  64  5:14  Probe x2 (Chrono Boost)  
  64  5:21  Nexus  
  64  5:24  Pylon, Probe (Chrono Boost)  
  64  5:26  Probe (Chrono Boost)  
  64  5:27  Sentry  
  68  5:30  Assimilator  
  68  5:34  Assimilator  
  68  5:35  Probe (Chrono Boost)  
  69  5:38  Pylon  
  69  5:42  Probe (Chrono Boost)  
  70  5:45  Probe (Chrono Boost)  
  71  5:53  Blink (Chrono Boost), Probe (Chrono Boost)  
  71  5:55  Pylon  
  71  5:56  Probe (Chrono Boost)  
  73  5:58  Gateway  
  73  6:02  Gateway  
  73  6:07  Gateway  
  73  6:08  Observer  
  73  6:10  Gateway  
  74  6:15  Probe x2  
  76  6:19  Stalker  
  78  6:27  Pylon, Stalker  
  80  6:35  Stalker  
  80  6:39  Probe x2  
  84  6:41  Pylon  
  84  6:43  Pylon  
  84  6:51  Probe x2  
  86  6:55  Stalker  
  86  6:56  Stalker  
  90  7:07  Stalker x2  
  94  7:09  Stalker x2  
  94  7:13  Robotics Bay  
  98  7:18  Pylon  
  98  7:19  Stalker  
  98  7:29  Stalker x2  
  102  7:35  Stalker x2  
  106  7:41  Pylon  
  106  7:44  Stalker x2  
  110  7:51  Stalker  
  110  7:52  Stalker  
  110  7:54  Stalker  
  114  8:04  Probe x2  
  104  8:06  Probe  
  105  8:14  Stalker x3  
  105  8:19  Probe  
  112  8:20  Disruptor, Probe  
  112  8:21  Probe  
  117  8:29  Stalker  
  115  8:42  Adept x4  
  115  8:44  Probe  
  115  8:45  Probe  
  119  8:51  Disruptor  
  119  8:54  Sentry x2  
  119  8:55  Sentry  
  128  9:03  Stalker x2  
  128  9:04  Stalker  
  134  9:10  Stalker  
  124  9:21  Adept x3  
  126  9:34  Stalker x4  
  120  9:43  Zealot x2  
  106  9:57  Stalker x3  
Show
View Real Time Build Order
Export as new Build Order

Miszu Terran 

Build Orders: MMM Bio 

Get SALT Encoding   

  12  0:01  SCV  
  13  0:13  SCV  
  14  0:17  Supply Depot  
  14  0:25  SCV  
  15  0:39  SCV  
  15  0:40  Barracks  
  16  0:51  SCV  
  17  1:01  Engineering Bay  
  17  1:03  SCV  
  18  1:26  Orbital Command  
  18  1:27  Marine  
  19  1:41  Command Center  
  19  1:45  Marine  
  20  1:52  SCV  
  21  1:54  Supply Depot  
  21  2:03  Marine  
  21  2:05  Barracks  
  21  2:07  SCV  
  23  2:15  Barracks  
  23  2:21  Marine  
  23  2:22  SCV  
  25  2:30  Refinery  
  25  2:31  Refinery  
  25  2:34  SCV  
  26  2:41  Marine  
  27  2:46  SCV  
  27  2:48  Engineering Bay  
  28  2:55  Marine  
  29  2:58  SCV  
  29  3:00  Orbital Command  
  29  3:02  Marine  
  32  3:09  Barracks Tech Lab  
  32  3:12  SCV  
  32  3:14  Missile Turret  
  32  3:16  Marine  
  32  3:19  Marine  
  33  3:24  Orbital Command  
  34  3:30  Marine, Stimpack  
  34  3:31  SCV  
  36  3:35  Marine  
  36  3:38  Marine  
  38  3:43  SCV  
  38  3:48  Marauder  
  41  3:49  SCV  
  41  3:53  Marine  
  41  3:55  Bunker  
  43  3:56  SCV  
  43  3:59  Marine  
  45  4:03  Factory  
  45  4:04  SCV  
  46  4:21  Refinery  
  46  4:27  Barracks Reactor, Supply Depot  
  46  4:33  Barracks Tech Lab, Marauder, SCV x2  
  46  4:38  Terran Infantry Weapons Level 1  
  50  4:39  Supply Depot  
  50  4:45  SCV x2  
  52  4:47  Starport  
  52  4:50  Factory Reactor  
  52  4:56  Marine x2  
  52  4:57  SCV x2  
  56  5:03  Combat Shields  
  56  5:04  Marine  
  57  5:09  SCV x2  
  57  5:14  Marine x2  
  60  5:15  Liberator  
  61  5:21  Supply Depot, SCV  
  61  5:22  Marine x2  
  61  5:28  SCV  
  65  5:33  SCV  
  65  5:52  Marine  
  65  5:53  Marauder  
  65  5:54  Supply Depot  
  65  5:56  Marine x2  
  68  6:01  Medivac  
  70  6:04  SCV x2  
  70  6:07  Supply Depot  
  70  6:09  Marine  
  73  6:11  Concussive Shells  
  73  6:13  Marine  
  73  6:14  Marine  
  73  6:15  Marauder  
  73  6:16  Medivac  
  73  6:17  SCV, Factory Reactor  
  80  6:27  Marine  
  80  6:31  Marine  
  82  6:39  Marauder  
  84  6:42  Marine  
  84  6:44  Medivac  
  84  6:45  Supply Depot, Marine  
  84  6:46  Medivac  
  90  6:49  Marine  
  90  7:00  Marauder  
  91  7:02  Marauder  
  91  7:03  Marine  
  91  7:06  Command Center  
  91  7:07  Marine, Widow Mine x2  
  99  7:10  Supply Depot  
  99  7:21  Marine x2  
  101  7:25  Marine  
  102  7:32  Marauder  
  102  7:35  Refinery, Terran Infantry Armor Level 1  
  102  7:36  Barracks  
  104  7:39  Marine  
  104  7:40  Marauder  
  104  7:41  Barracks  
  104  7:42  Marine  
  108  7:45  Medivac  
  110  8:01  Marauder  
  110  8:02  Marine  
  104  8:09  Marine  
  104  8:10  Marine  
  97  8:16  Engineering Bay  
  97  8:18  Armory  
  97  8:21  Marauder, Orbital Command  
  97  8:23  Marauder  
  98  8:37  Orbital Command  
  93  8:42  Marauder  
  93  8:44  Marauder  
  93  8:54  Marine  
  93  8:55  Marine x2  
  95  8:56  Orbital Command  
  92  9:03  Marauder  
  92  9:05  Marauder  
  92  9:06  Marine  
  97  9:12  Marine  
  92  9:20  Marine  
  92  9:21  Marine  
  90  9:24  Marine x2, Medivac  
Tags
 
Composition
MMM Bio
Matchup
PvT
Player
Rail
Add a new tag
Caveats
  • Supply blocks, unpowered buildings, or Contaminate may cause inaccurate times.
  • Supply counts are checked every 10 seconds.